 Dungeon Crawl Stone Soup version 0.25-a0-100-g33052ce (webtiles) character file.

Game seed: 4404637116839746091, levelgen mode: deterministic

1208 Blackhawk the Chopper (level 8, -11/62 HPs)
             Began as a Demonspawn Gladiator on Nov 15, 2019.
             Was a Believer of Trog.
             Mangled by an orc warrior
             ... wielding a +0 hand axe
              (18 damage)
             ... on level 5 of the Dungeon.
             The game lasted 00:08:29 (6155 turns).

Blackhawk the Chopper (Demonspawn Gladiator)        Turns: 6155, Time: 00:08:30

Health: -11/62     AC: 10    Str: 16    XL:     8   Next: 21%
Magic:  17/17      EV: 13    Int: 10    God:    Trog [**....]
Gold:   311        SH:  0    Dex: 15    Spells: 7/7 levels left

rFire    . . .     SeeInvis .   a - +0 war axe
rCold    . . .     Gourm    .   (no shield)
rNeg     . . .     Faith    .   y - +3 ring mail
rPois    .         Spirit   .   k - +2 hat
rElec    .         Reflect  .   q - scarf {cloud immunity}
rCorr    .         Harm     .   (no gloves)
MR       .....                  (no boots)
Stlth    ++........             (no amulet)
HPRegen  0.20/turn              m - ring of magical power
MPRegen  0.15/turn              v - ring of stealth

@: no status effects
A: antennae 1, claws 1, talons 1, demonic guardian 1
a: Berserk, Trog's Hand, Renounce Religion


You were on level 5 of the Dungeon.
You worshipped Trog.
Trog was pleased with you.
You were hungry.

You visited 1 branch of the dungeon, and saw 6 of its levels.

You collected 311 gold pieces.

Inventory:

Hand Weapons
 a - a +0 war axe (weapon)
Missiles
 d - 3 throwing nets (quivered)
 r - 7 javelins
Armour
 b - a +0 leather armour
 c - a +0 helmet
 k - a +2 hat (worn)
 q - a scarf of cloud immunity (worn)
 y - a +3 ring mail (worn)
Jewellery
 m - a ring of magical power (left claw)
 v - a ring of stealth (right claw)
 B - an uncursed ring of protection from cold {unknown}
Wands
 z - a wand of flame (32)
Scrolls
 e - 4 scrolls of fear {unknown}
 g - a scroll of magic mapping {unknown}
 h - a scroll of immolation {unknown}
 i - 4 scrolls of remove curse {unknown}
 j - 2 scrolls of noise {unknown}
 l - 7 scrolls of identify {unknown}
 o - 2 scrolls of teleportation {unknown}
 p - a scroll of blinking {unknown}
 A - a scroll of enchant armour {unknown}
Potions
 n - 3 potions of flight
 s - 2 potions of magic {unknown}
 t - 2 potions of agility {unknown}
 u - 3 potions of brilliance {unknown}
 w - 2 potions of might {unknown}
 x - 2 potions of curing {unknown}
Comestibles
 f - 7 rations
 C - 4 chunks of flesh


   Skills:
 + Level 5.1 Fighting
 + Level 5.2 Axes
 - Level 4.6 Throwing
 + Level 0.6 Armour
 + Level 5.2 Dodging


You had 7 spell levels left.
You didn't know any spells.
Your spell library was empty.

Dungeon Overview and Level Annotations

Branches:
Dungeon (6/15)             Temple (0/1) D:4

Altars:
Fedhas
Trog


Innate Abilities, Weirdness & Mutations

You have a pair of small antennae on your head.
You have sharp fingernails.
You have sharp toenails.
A weak demonic guardian rushes to your aid.


Message History

The orc warrior hits your quasit with a +0 hand axe.
Your quasit dies!
You see here a robe.
Your iron imp closely misses the orc warrior.
You see here a robe.
Your white imp hits the orc warrior but does no damage.
Your white imp hits the orc warrior but does no damage.
Your white imp gestures at the orc warrior.
The puff of frost hits the orc warrior.
Some of the chunks of flesh in your inventory have rotted away.
You are feeling hungry.
The orc warrior hits you with a +0 hand axe.
You closely miss the orc warrior.
The orc warrior is heavily wounded.
The orc warrior hits you with a +0 hand axe!!
* * * LOW HITPOINT WARNING * * *
You closely miss the orc warrior. You claw the orc warrior.
The orc warrior is heavily wounded.
The orc warrior hits you with a +0 hand axe!!
You die...

#.#.####.# #.# #............##...
#.._..#..# #.###............###..
###.#.#.## #..##.........##.####.
#......#####............#...# ##
###...##..........###.##..#.# #
###.....5#.#...........##.# #
######......#[#.........####.####
............#...........# #...##
....(......5##..@.......# ###..#
#.......5.####.o.......## ###..
).##...#..5###5........# #....
).............5........# #....
.####.##.............>.# #.... .#
#.####....(........### #.... .#
#.# #.##............## #.... .#
#.# #.###.......###..# #.... .#
#.####.###...##..#....#######


You could see an orc warrior, a friendly iron imp and a friendly white imp.

Vanquished Creatures
  Grinder (D:5)
  An ice beast (D:5)
  A scorpion (D:4)
  3 crimson imps (D:5)
  3 hounds (D:4)
  2 orc priests
  4 orc wizards
  A bullfrog skeleton (D:6)
  An iguana (D:4)
  6 worker ants
  A hound zombie (D:6)
  3 gnolls (D:6)
  10 adders
  A shadow imp (D:5)
  2 oozes
  2 adder skeletons
  A worm (D:3)
  2 dart slugs
  3 leopard geckos
  7 orcs
  6 bats
  4 giant cockroaches
  5 hobgoblins
  4 jackals (D:1)
  5 kobolds
  5 quokkas
  3 frilled lizards
  15 goblins
  A jackal skeleton (D:4)
  A quokka skeleton (D:4)
  6 rats
110 creatures vanquished.

Vanquished Creatures (collateral kills)
  A bullfrog (D:6)
  An orc priest (D:6)
2 creatures vanquished.

Grand Total: 112 creatures vanquished

Notes
Turn   | Place    | Note
-------+----------+-------------------------------------------
     0 | D:1      | Blackhawk the Demonspawn Gladiator began the quest for the
                  | Orb.
     0 | D:1      | Reached XP level 1. HP: 16/16 MP: 1/1
   458 | D:1      | Gained mutation: You have sharp toenails. [demonic
                  | ancestry]
   458 | D:1      | Reached XP level 2. HP: 19/22 MP: 2/2
   894 | D:1      | Reached XP level 3. HP: 28/28 MP: 3/3
  1663 | D:2      | Reached XP level 4. HP: 34/34 MP: 4/4
  1672 | D:2      | Found a bloodstained altar of Trog.
  1703 | D:2      | Became a worshipper of Trog the Wrathful
  2780 | D:3      | Gained mutation: You have a pair of small antennae on your
                  | head. [demonic ancestry]
  2780 | D:3      | Reached XP level 5. HP: 37/41 MP: 5/5
  3475 | D:4      | Reached * piety under Trog
  3983 | D:4      | Gained mutation: You have sharp fingernails. [demonic
                  | ancestry]
  3983 | D:4      | Reached XP level 6. HP: 47/47 MP: 6/6
  4216 | D:4      | Found a staircase to the Ecumenical Temple.
  4641 | D:5      | Entered Level 5 of the Dungeon
  4653 | D:5      | Noticed an ice beast
  4658 | D:5      | Killed an ice beast
  4658 | D:5      | Reached XP level 7. HP: 54/54 MP: 7/7
  4820 | D:5      | Found a blossoming altar of Fedhas.
  4831 | D:5      | Noticed Grinder
  4871 | D:5      | Killed Grinder
  5336 | D:5      | Reached ** piety under Trog
  5336 | D:5      | Reached skill level 5 in Axes
  5336 | D:5      | Reached skill level 5 in Dodging
  5468 | D:5      | Gained mutation: A weak demonic guardian rushes to your
                  | aid. [demonic ancestry]
  5468 | D:5      | Reached XP level 8. HP: 61/61 MP: 8/8
  5565 | D:6      | Reached skill level 5 in Fighting
  6155 | D:5      | Mangled by an orc warrior

Levels and vault maps discovered:
D:1:      giann_horns, layout_loops_cross, dk_noncrumbling_3
D:2:      layout_loops_corners, first_ration, grunt_ministairs_2,
          trog_butcher_becter
D:3:      layout_basic
D:4:      layout_cave_pools, minmay_temple_entry_purple_smoke
D:5:      layout_rooms, lemuel_crystal_altar, uniq_grinder
D:6:      minmay_spotlight, layout_rooms, minmay_increasing_density,
          uniq_blork_the_orc, uniq_duvessa

Skill      XL: |  1  2  3  4  5  6  7  8 |
---------------+-------------------------+-----
Throwing       | 2 3 4 |  4.6
Axes           | 3 4 5 |  5.2
Dodging        | 3 4 5 |  5.2
Fighting       | 3 4 5 |  5.1
Armour         | |  0.6

Action                   |  1- 3 |  4- 6 |  7- 9 || total
-------------------------+-------+-------+-------++-------
Melee: War axe           |    78 |   169 |   103 ||   350
       Kick              |     9 |    37 |    27 ||    73
Invok: Berserk           |       |     1 |     1 ||     2
  Use: Potion            |       |     2 |       ||     2
 Stab: Sleeping          |       |     5 |     1 ||     6
  Eat: Chunk             |     2 |    10 |     3 ||    15
       Ration            |       |       |     1 ||     1
Armor: Leather armour    |    28 |    35 |       ||    63
       Ring mail         |       |    19 |    36 ||    55
Dodge: Dodged            |    74 |   147 |    65 ||   286

Table legend:
 A = Non-vault XP
 B = Vault XP
 C = Vault XP percentage of total XP
 D = Non-vault monster count
 E = Vault monster count
 F = Vault count percentage of total count
                 A         B        C        D         E       F
            +---------+---------+-------+---------+---------+-------
      Total |    1444 |     283 |  16.4 |     105 |       7 |   6.2
            +---------+---------+-------+---------+---------+-------
        D:1 |      44 |       0 |   0.0 |      21 |       0 |   0.0
        D:2 |     127 |      11 |   8.0 |      21 |       6 |  22.2
        D:3 |      40 |       0 |   0.0 |      17 |       0 |   0.0
        D:4 |     451 |       0 |   0.0 |      22 |       0 |   0.0
        D:5 |     536 |     272 |  33.7 |      15 |       1 |   6.2
        D:6 |     246 |       0 |   0.0 |       9 |       0 |   0.0
            +---------+---------+-------+---------+---------+-------
